[Event "*** SCC Grand Prix: Titled Tuesday Blitz"]
[Site "Chess.com"]
[Date "2020.08.11"]
[Round "8"]
[White "Nemsko"]
[Black "Dinamo81"]
[Result "1-0"]
[WhiteElo "2356"]
[BlackElo "2605"]
[TimeControl "180+1"]
[EndTime "11:35:04 PDT"]
[Termination "Nemsko won on time"]

1. e4 e6 2. d4 d5 3. Nc3 Bb4 4. e5 Ne7 5. a3 Bxc3+ 6. bxc3 b6 7. Bb5+ c6 8. Bd3 Ba6 9. h4 Bxd3 10. Qxd3 c5 11. h5 h6 12. Rh4 Qd7 13. Rf4 Nbc6 14. g4 Na5 15. Qf3 Rf8 16. Be3 cxd4 17. cxd4 Rc8 18. Rc1 Nc4 19. Bd2 a5 20. Ne2 Qa4 21. Qb3 Qxa3 22. Nc3 Nc6 23. Nb5 Qe7 24. Be3 Kd7 25. Rf3 f6 26. exf6 Rxf6 27. Rg3 Rf7 28. Ke2 Qb4 29. Qxb4 Nxb4 30. c3 Nc6 31. f4 Ne7 32.
Rf3 Nd6 33. Nxd6 Kxd6 34. Kd3 b5 35. Rb1 Kc6 36. Rf2 a4 37. Rfb2 Rb8 38. Rf2 Nc8 39. Bc1 Nd6 40. Ba3 Nc4 41. Bb4 Rbb7 42. Rbf1 Rf6 43. g5 Rf5 44. Re1 Kd7 45. gxh6 gxh6 46.
Rg2 Rxh5 47. Rg7+ Kc8 48. Rg8+ Kd7 49. Rg7+ Kc8 50. Rg8+ Kc7 51. Rxe6 Rh3+ 52. Ke2 Rh2+ 53. Kf3 Rh3+ 54. Kg4 Re3 55. Rg7+ Kc8 56. Reg6 Rxg7 57. Rxg7 Re8 58. Rg6 1-0

[Event "*** SCC Grand Prix: Titled Tuesday Blitz"]
[Site "Chess.com"]
[Date "2020.08.11"]
[Round "8"]
[White "KatarinaOstojic"]
[Black "Gulkov_Igor"]
[Result "0-1"]
[WhiteElo "2237"]
[BlackElo "2411"]
[TimeControl "180+1"]
[EndTime "11:35:04 PDT"]
[Termination "Gulkov_Igor won by resignation"]

1. d4 Nf6 2. Nf3 e6 3. c4 Bb4+ 4. Bd2 Qe7 5. a3 Bxd2+ 6. Nbxd2 d6 7. e3 e5 8. Be2 O-O 9. O-O b6 10. Qc2 Bb7 11. Rfe1 Nbd7 12. d5 a5 13. b4 axb4 14.
axb4 b5 15. e4 bxc4 16. Nxc4 Rxa1 17. Rxa1 Ra8 18. Rxa8+ Bxa8 19. Qa4 Qd8 20. Nfd2 Qb8 21. h3 h6 22. Na5 Nb6 23. Qb5 Qe8 24. Qxe8+ Nxe8 25. Bb5 Nf6 26. f3 Kf8 27. Nc6 Bxc6 28. Bxc6 Nh5 29.
Nb1 Ke7 30. Nc3 Nf4 31. Bb5 g5 32. Ne2 Nxe2+ 33. Bxe2 f5 34. Kf2 Kf6 35. Ke3 f4+ 36. Kd3 Kg6 37. Kc3 Kh5 38. Bf1 Kh4 39. Kd2 Kg3 40.
Ke1 Na4 41. Bb5 Nc3 42. Bf1 h5 43. Kd2 Nxe4+ 44. fxe4 Kf2 45. Be2 Kxg2 46. Bxh5 Kxh3 47. Ke2 Kg3 48. Kf1 g4 49. Kg1 f3 50. Kf1 Kf4 51. Kf2 g3+ 52. Kf1 Kxe4 53. Bf7 Ke3 54. Bh5 e4 55. b5 Kf4 56. Bg6 e3 57. Bd3 g2+ 58.
Kg1 Kg3 0-1

[Event "*** SCC Grand Prix: Titled Tuesday Blitz"]
[Site "Chess.com"]
[Date "2020.08.11"]
[Round "8"]
[White "PavelShkapenko"]
[Black "Shield12"]
[Result "1-0"]
[WhiteElo "2677"]
[BlackElo "2839"]
[TimeControl "180+1"]
[EndTime "11:35:06 PDT"]
[Termination "PavelShkapenko won by checkmate"]

1. e4 c5 2. c3 e5 3. Nf3 Nc6 4. Bc4 Be7 5. O-O Nf6 6. Re1 d6 7.
d4 cxd4 8. cxd4 Bg4 9. d5 Nd4 10. Qa4+ Bd7 11. Qd1 Rc8 12. Bd3 Nxf3+ 13. Qxf3 O-O 14.
Nc3 a6 15. h3 b5 16. a3 Qb6 17.
Be3 Qb7 18. Ne2 a5 19. b4 axb4 20. axb4 Ra8 21. Ng3 Rxa1 22. Rxa1 Ra8 23. Rxa8+ Qxa8 24. Nf5 Qd8 25. Nxe7+ Qxe7 26. Bg5 h6 27. Bxf6 gxf6 28.
Qe3 Kg7 29. Qa7 Qd8 30. Qb7 f5 31. exf5 Kf6 32. Bxb5 Bxf5 33. Bf1 Be4 34. b5 Kg7 35. b6 Bxd5 36. Qxd5 Qxb6 37. g3 Qc7 38. Kg2 Qe7 39. Bd3 Qd7 40. Qe4 Qe6 41. Qh7+ Kf8 42. Qf5 Qd5+ 43.
Be4 Qd4 44. Qf3 Qc5 45. Bd5 Qc7 46. Qf6 Ke8 47. Qxh6 Qc5 48. Qd2 Ke7 49. Ba2 Qc6+ 50. Qd5 Qc2 51. Qxf7+ Kd8 52. Be6 Qe4+ 53. Kh2 Qc6 54.
h4 d5 55. h5 d4 56. h6 Qc1 57. Qd7# 1-0

[Event "*** SCC Grand Prix: Titled Tuesday Blitz"]
[Site "Chess.com"]
[Date "2020.08.11"]
[Round "8"]
[White "MasterKroket"]
[Black "Shivagami"]
[Result "1-0"]
[WhiteElo "2415"]
[BlackElo "2236"]
[TimeControl "180+1"]
[EndTime "11:35:06 PDT"]
[Termination "MasterKroket won on time"]

1. d4 Nf6 2. c4 c5 3. d5 e6 4. Nc3 exd5 5. cxd5 d6 6. e4 a6 7. a4 g6 8. Nf3 Bg7 9. h3 O-O 10. Bd3 Nbd7 11. O-O Rb8 12. Re1 Ne8 13. Bg5 f6 14. Bf4 Qe7 15. Nd2 Ne5 16. Bf1 Nc7 17. Bh2 b5 18. f4 Nd7 19. axb5 Nxb5 20. Nxb5 axb5 21. Ra7 c4 22. e5 fxe5 23. fxe5 Qd8 24. Rxd7 Qxd7 25.
e6 Qa7+ 26. Kh1 Qd4 27. Ne4 Rxf1+ 28. Rxf1 Qxe4 29. Bxd6 Be5 30. e7 Bxh3 31. Rf8+ Kg7 32.
Bxe5+ Qxe5 33. Rxb8 Bxg2+ 34. Kxg2 Qg5+ 35. Kf2 Qh4+ 36. Kg2 Qg5+ 37. Kh3 Qf5+ 38. Qg4 Qf1+ 39. Kh2 Qf2+ 40. Kh3 Qf1+ 41. Qg2 Qf5+ 42. Kh2 Qh5+ 43. Kg1 Qd1+ 44. Kf2 Qd2+ 45. Kg3 Qg5+ 46. Kh2 Qh4+ 47. Kg1 Qe1+ 48. Qf1 Qg3+ 49. Kh1 Qh4+ 50. Kg2 Qg4+ 51. Kf2 Qf4+ 52. Ke2 Qe4+ 53. Kd2 Qd4+ 54. Kc2 Qe4+ 55.
Kc1 Qe3+ 56. Kb1 Qe4+ 57. Ka1 1-0

[Event "*** SCC Grand Prix: Titled Tuesday Blitz"]
[Site "Chess.com"]
[Date "2020.08.11"]
[Round "8"]
[White "youngKID"]
[Black "Grischuk"]
[Result "1-0"]
[WhiteElo "2795"]
[BlackElo "3027"]
[TimeControl "180+1"]
[EndTime "11:35:07 PDT"]
[Termination "youngKID won on time"]

1. e4 e5 2. Nf3 Nc6 3. Bb5 Nf6 4.
O-O Nxe4 5. d4 Nd6 6. Bxc6 dxc6 7. dxe5 Nf5 8. Qxd8+ Kxd8 9. Nc3 Bd7 10. Rd1 Kc8 11. h3 h6 12. b3 b6 13. a4 a5 14.
Bb2 Ne7 15. Rd2 c5 16. Rad1 Be6 17. Ne2 Ng6 18. h4 Be7 19. h5 Nf8 20. Nf4 Bg4 21. Nd5 Bg5 22. Nxg5 hxg5 23. f3 Be6 24. g4 Kb7 25. c4 g6 26. Nf6 Nh7 27. hxg6 fxg6 28. Ne4 Raf8 29. Kg2 Rf7 30. Rd8 Nf8 31. Nxg5 Re7 32. Nxe6 Rxe6 33. f4 Re7 34. Kg3 Reh7 35.
Kf3 Rh3+ 36. Ke4 Rxb3 37. Bc1 Rh2 38. f5 gxf5+ 39. gxf5 Rh4+ 40. Kd5 Nh7 41. e6 Nf6+ 42. Ke5 Ng4+ 43. Kf4 Nf2+ 44. Kg5 Rg4+ 45. Kf6 Ne4+ 46.
Kf7 Rf3 47. R8d5 Rh3 48. e7 Rh7+ 49. Ke6 Rg8 50. Rd8 1-0

[Event "*** SCC Grand Prix: Titled Tuesday Blitz"]
[Site "Chess.com"]
[Date "2020.08.11"]
[Round "8"]
[White "AvitalBor"]
[Black "SergeyKarjakin"]
[Result "1/2-1/2"]
[WhiteElo "2837"]
[BlackElo "2981"]
[TimeControl "180+1"]
[EndTime "11:35:08 PDT"]
[Termination "Game drawn by repetition"]

1. e4 c5 2. c3 Nf6 3. e5 Nd5 4. d4 cxd4 5. cxd4 d6 6. Nf3 Nc6 7. Bc4 Nb6 8. Bb5 dxe5 9. Nxe5 Bd7 10. Nxd7 Qxd7 11. Nc3 e6 12. O-O Rd8 13. Qg4 h5 14. Qh3 a6 15. Bxc6 Qxc6 16. Rd1 Be7 17. Be3 Nd5 18. Rac1 Nxc3 19. Rxc3 Qd5 20. Rc7 Bd6 21.
Rcc1 O-O 22. b3 Rc8 23. Qh4 Ba3 24. Rxc8 Rxc8 25. h3 Rc2 26. Rd2 Rc1+ 27. Kh2 Bd6+ 28. f4 Qe4 29. Re2 Rc3 30. Qd8+ Bf8 31. Bd2 Qxe2 32.
Bxc3 Qb5 33. Qb8 h4 34. Be1 f6 35. Bxh4 Qd5 36. Qe8 Qe4 37. Bg3 f5 38. Qd7 Kh7 39. Qe8 Bb4 40. Qh5+ Kg8 41. Qe8+ Kh7 42. h4 Bd2 43. Qh5+ Kg8 44. Qg5 Qxd4 45. Qe7 Qe4 46. h5 Kh7 47. Qe8 Bxf4 48. Qg6+ Kh8 49. Qe8+ Kh7 50.
Qg6+ Kh8 51. Qe8+ Kh7 1/2-1/2

[Event "*** SCC Grand Prix: Titled Tuesday Blitz"]
[Site "Chess.com"]
[Date "2020.08.11"]
[Round "8"]
[White "secretsuperstar7"]
[Black "MasterSonnevanck23"]
[Result "1/2-1/2"]
[WhiteElo "2130"]
[BlackElo "2349"]
[TimeControl "180+1"]
[EndTime "11:35:08 PDT"]
[Termination "Game drawn by repetition"]

1. d4 Nf6 2. c4 e6 3. Nc3 Bb4 4. Bd2 O-O 5. Nf3 c5 6. d5 d6 7. e3 Nbd7 8. a3 Bxc3 9. Bxc3 Nb6 10. dxe6 Bxe6 11. b3 d5 12. cxd5 Nbxd5 13. Bb2 Ne4 14. Bd3 Qa5+ 15. b4 cxb4 16. O-O Ndf6 17. axb4 Qh5 18.
Nd4 Qxd1 19. Rfxd1 Bd7 20. Nb5 Bxb5 21. Bxb5 a6 22. Bc4 Rfc8 23. Bb3 Rd8 24. f3 Nd2 25. Ba2 b5 26. Bc3 Nc4 27. Rxd8+ Rxd8 28. Bxc4 bxc4 29.
Bxf6 gxf6 30. Rxa6 Rd2 31. Rc6 Rc2 32. b5 Kg7 33. b6 Rb2 34. Rxc4 Rxb6 35. Kf2 Rb2+ 36. Kg3 f5 37. Rc5 Kg6 38. Rc6+ f6 39. Rc8 Rb3 40.
Re8 Ra3 41. Re7 Rb3 42. h4 h5 43. Kf2 Rb2+ 44. Kg3 Rb3 45. Kf4 Rb4+ 46. e4 fxe4 47.
fxe4 Rb2 48. g3 Rf2+ 49. Ke3 Rf1 50. e5 Re1+ 51. Kf4 Rf1+ 52. Ke3 Re1+ 53. Kf4 Rf1+ 54. Ke3 1/2-1/2

[Event "*** SCC Grand Prix: Titled Tuesday Blitz"]
[Site "Chess.com"]
[Date "2020.08.11"]
[Round "8"]
[White "Bastiandash"]
[Black "HrvojeZagreb"]
[Result "0-1"]
[WhiteElo "2267"]
[BlackElo "2137"]
[TimeControl "180+1"]
[EndTime "11:35:08 PDT"]
[Termination "HrvojeZagreb won by checkmate"]

1. e4 e6 2. d4 d5 3. Bd3 dxe4 4.
Bxe4 Nf6 5. Bf3 Nbd7 6. Ne2 Bd6 7.
Bg5 h6 8. Bh4 O-O 9. O-O e5 10. Nbc3 a6 11. Re1 Re8 12. dxe5 Nxe5 13. Nd4 Nxf3+ 14. Qxf3 Rxe1+ 15. Rxe1 g5 16. Nf5 Bxf5 17.
Bxg5 hxg5 18. Qxf5 Nh7 19. Re3 Qf6 20. Qd3 Rd8 21. Rh3 Bxh2+ 22. Kxh2 Rxd3 23. cxd3 Nf8 24.
Ne4 Qe5+ 25. g3 Ng6 26. Rh5 f6 27. Kg2 Kg7 28. Rh1 Qxb2 29. Re1 Ne5 30. Rd1 Qxa2 31. d4 Qd5 32. f3 Nxf3 33. Kxf3 f5 34. Re1 fxe4+ 35. Rxe4 Qxe4+ 36. Kxe4 a5 37. d5 a4 38. Kd3 Kf6 39. Kc2 Ke5 40. d6 Kxd6 41. g4 Ke5 42.
Kb2 Kf4 43. Ka3 Kxg4 44. Kxa4 Kf4 45. Kb3 g4 46. Kc2 g3 47. Kc3 g2 48. Kd4 g1=Q+ 49.
Kd5 Qg6 50. Kc4 Qd6 51. Kb5 Qc6+ 52. Ka5 Qb6+ 53. Ka4 c5 54. Ka3 c4 55. Ka2 c3 56.
Ka3 c2 57. Ka4 c1=R 58. Ka3 Ra1# 0-1

[Event "*** SCC Grand Prix: Titled Tuesday Blitz"]
[Site "Chess.com"]
[Date "2020.08.11"]
[Round "8"]
[White "dopolian"]
[Black "QuintilianoR"]
[Result "1/2-1/2"]
[WhiteElo "2539"]
[BlackElo "2646"]
[TimeControl "180+1"]
[EndTime "11:35:09 PDT"]
[Termination "Game drawn by repetition"]

1. Nf3 Nf6 2. c4 e6 3. b3 d5 4.
Bb2 Be7 5. g3 O-O 6. Bg2 c5 7.
cxd5 Nxd5 8. d4 Nc6 9. O-O cxd4 10. Nxd4 Bd7 11. Nc3 Nxc3 12. Bxc3 Bf6 13. Nxc6 Bxc6 14. Qxd8 Rfxd8 15. Bxf6 gxf6 16. Bxc6 bxc6 17. Rfd1 Kf8 18. Kf1 Ke7 19. e4 a5 20. Ke2 Rdb8 21. Rac1 Rb6 22. Rc4 a4 23. b4 a3 24. Rd3 Ra4 25. Rb3 c5 26. bxc5 Rxb3 27. Rxa4 Rb2+ 28. Ke3 Rxa2 29. Ra7+ Kf8 30. c6 Rc2 31. c7 a2 32. Rxa2 Rxc7 33. Kf3 Kg7 34. h4 Rc5 35. Ra7 h5 36. Ra3 f5 37. exf5 Rxf5+ 38. Kg2 Kg6 39. Rd3 Ra5 40. Rf3 Rf5 41. Rxf5 Kxf5 42. Kf3 e5 43. Ke3 Kg4 44. Ke4 f6 45. Ke3 f5 46. Ke2 f4 47. gxf4 exf4 48. Kf1 Kxh4 49. Kg2 Kg4 50. f3+ Kf5 51. Kh3 Kg5 52. Kg2 Kg6 53. Kh3 Kg5 54.
Kg2 Kh6 55. Kh3 Kg6 56. Kh4 Kh6 57. Kh3 Kh7 58. Kh4 Kg6 59. Kh3 Kg5 1/2-1/2

[Event "*** SCC Grand Prix: Titled Tuesday Blitz"]
[Site "Chess.com"]
[Date "2020.08.11"]
[Round "8"]
[White "gagtemp"]
[Black "Sacbutt"]
[Result "0-1"]
[WhiteElo "1951"]
[BlackElo "2178"]
[TimeControl "180+1"]
[EndTime "11:35:09 PDT"]
[Termination "Sacbutt won by resignation"]

1. e4 c6 2. d4 d5 3. exd5 cxd5 4. c4 Nf6 5. Nc3 e6 6. Bg5 Be7 7. Nf3 O-O 8. Bd3 Nbd7 9. O-O h6 10. Bh4 b6 11. a3 Bb7 12. Qe2 dxc4 13. Bxc4 Re8 14.
Ne5 Nd5 15. Bg3 Nxe5 16. dxe5 Nxc3 17. bxc3 Rc8 18. Bb5 Qd5 19. f3 Red8 20. Rfd1 Qc5+ 21. Bf2 Qxc3 22. a4 Bc5 23. Bxc5 Qxc5+ 24. Kh1 Bc6 25. Bd3 Rc7 26. Rac1 Qe7 27. Bb5 Rxd1+ 28. Qxd1 Bd5 29. Rb1 Rc5 30. h3 Qc7 31. Bd3 g6 32. Qe1 Kg7 33. Qh4 Rc1+ 34. Kh2 Rxb1 35. Bxb1 Qxe5+ 36. Qg3 Qxg3+ 37. Kxg3 Kf6 38. Bc2 g5 39. Kf2 Ke5 40. Ke3 f5 41. g4 f4+ 42. Ke2 Kd4 43. Bd1 Bc4+ 44. Kd2 e5 45. Kc2 a6 46. Kd2 b5 47. a5 b4 48. Bc2 Bd5 49. Ke2 b3 50.
Bb1 Bc4+ 51. Kf2 Bd3 52. Ke1 0-1

[Event "*** SCC Grand Prix: Titled Tuesday Blitz"]
[Site "Chess.com"]
[Date "2020.08.11"]
[Round "8"]
[White "albano87"]
[Black "ArjunErigaisi2003"]
[Result "0-1"]
[WhiteElo "2564"]
[BlackElo "3012"]
[TimeControl "180+1"]
[EndTime "11:35:10 PDT"]
[Termination "ArjunErigaisi2003 won by checkmate"]

1. e4 e5 2. d4 exd4 3. Qxd4 Nc6 4. Qe3 Nf6 5. Nc3 Bb4 6. Bd2 O-O 7. O-O-O Re8 8. f3 d5 9. Qf2 dxe4 10. Bg5 e3 11.
Qh4 Bd6 12. Nd5 Re6 13. Bxf6 gxf6 14. Bd3 f5 15. Qh3 Qg5 16. f4 Qg7 17. Ne2 Rh6 18.
Qxe3 Be6 19. Nec3 Kh8 20. Bc4 Rg8 21. g3 a6 22. Kb1 b5 23. Bb3 Na5 24. Ne2 c5 25.
Qd2 Nb7 26. c4 b4 27. Bc2 Na5 28. b3 Bf8 29. Nc1 Nc6 30. Bd3 Nd4 31. Qb2 a5 32. Ne2 a4 33. bxa4 Nxe2 34. Qxe2 Bxd5 35. cxd5 Qg6 36.
Bc4 Bg7 37. d6 Qf6 38. Qe5 Qd8 39. Qxf5 Rxd6 40. Rxd6 Qxd6 41. Bd3 Qh6 42. Qxc5 Rd8 43. Qf5 Kg8 44. Bc4 Rf8 45. Qg5 Qd6 46. Rc1 Qd4 47.
Kc2 Qxc4+ 48. Kd1 Qf1+ 49. Kd2 Qf2+ 50. Kd3 Kh8 51. f5 Qd4+ 52. Ke2 Re8+ 53. Kf3 Qe4+ 54. Kf2 Bd4+ 55. Kf1 Qf3# 0-1

[Event "*** SCC Grand Prix: Titled Tuesday Blitz"]
[Site "Chess.com"]
[Date "2020.08.11"]
[Round "8"]
[White "RobertoJBM"]
[Black "chess94cu"]
[Result "1-0"]
[WhiteElo "2715"]
[BlackElo "2592"]
[TimeControl "180+1"]
[EndTime "11:35:11 PDT"]
[Termination "RobertoJBM won by resignation"]

1. d4 Nf6 2. c4 e6 3. Nc3 Bb4 4. Qc2 b6 5. a3 Bxc3+ 6. Qxc3 Bb7 7. Bg5 h6 8. Bh4 g5 9. Bg3 Ne4 10. Qc2 d6 11. e3 Nd7 12. f3 Nxg3 13. hxg3 Qe7 14.
O-O-O O-O-O 15. Ne2 Kb8 16. Nc3 c5 17. Kb1 cxd4 18. exd4 Rc8 19. Bd3 Qf6 20. Qf2 Qe7 21. Rhe1 Nf6 22. d5 e5 23. f4 gxf4 24. gxf4 Qf8 25.
Qh4 Nd7 26. Bf5 Qd8 27. Qxd8 Rhxd8 28. Bxd7 Rxd7 29. b3 exf4 30. Re4 Rg8 31. Rd2 Rg3 32. Kc2 Bc8 33. Rxf4 Re7 34. Rdf2 f5 35. Ne2 Rg5 36.
Nd4 Reg7 37. Nxf5 Bxf5+ 38. Rxf5 Rxf5 39. Rxf5 Rxg2+ 40. Kc3 a5 41. a4 Rg6 42. Rf7 Kc8 43. Rh7 Kb8 44. Kb2 Kc8 45. Kc2 Kb8 46. Kc3 Kc8 47. Kd4 Kb8 48. Ke4 Kc8 49. Kf5 Rg3 50.
Ke6 Rxb3 51. Kxd6 Rb4 52. c5 bxc5 53. Kc6 Kd8 54. d6 Re4 55. Rh8+ Re8 56. Rxe8+ Kxe8 57. Kc7 c4 58. d7+ Kf7 59. d8=Q c3 60. Qd3 1-0

[Event "*** SCC Grand Prix: Titled Tuesday Blitz"]
[Site "Chess.com"]
[Date "2020.08.11"]
[Round "8"]
[White "Xeniya2005"]
[Black "Noam_Vitenberg"]
[Result "0-1"]
[WhiteElo "2365"]
[BlackElo "2508"]
[TimeControl "180+1"]
[EndTime "11:35:13 PDT"]
[Termination "Noam_Vitenberg won on time"]

1. e4 e5 2. Nf3 Nc6 3. Nc3 Nf6 4. Bb5 Bd6 5. d3 a6 6. Bc4 b5 7. Bb3 h6 8. a3 O-O 9. g4 Nh7 10. h4 Nd4 11. Ba2 Qf6 12. Nxd4 exd4 13. Nd5 Qe5 14. g5 Qe8 15. g6 c6 16. gxh7+ Kxh7 17. Nf4 f5 18. Rg1 fxe4 19. Qg4 exd3+ 20. Kf1 g5 21. hxg5 Bxf4 22. g6+ Kg7 23. Bxf4 Qe2+ 24. Qxe2 dxe2+ 25. Kxe2 Rxf4 26. Rae1 d5 27. Kf1 Ra7 28. Rg3 Bf5 29. Re8 Bxc2 30. Rc8 d3 31. Ke1 Re4+ 32. Re3 Rxe3+ 33. fxe3 d2+ 34. Kxd2 Bxg6 35. Rxc6 Be4 36.
Rc1 Rf7 37. Rg1+ Kh7 38. Ke2 Re7 39. Rg4 Rc7 40. Bb3 a5 41. Rh4 a4 42. Bd1 Rc1 43. Kd2 Rb1 44. Rh5 Rxb2+ 45. Kc3 Rb1 46. Be2 Rc1+ 47.
Kd4 Rg1 48. Bxb5 Rd1+ 49. Ke5 Ra1 50. Bxa4 Rxa3 51. Bd7 Rxe3 52. Kd4 Re1 53. Be8 Rd1+ 0-1

[Event "*** SCC Grand Prix: Titled Tuesday Blitz"]
[Site "Chess.com"]
[Date "2020.08.11"]
[Round "8"]
[White "chargemax23"]
[Black "KuzubovYuriy"]
[Result "1-0"]
[WhiteElo "2665"]
[BlackElo "2814"]
[TimeControl "180+1"]
[EndTime "11:35:14 PDT"]
[Termination "chargemax23 won by resignation"]

1. c4 e5 2. Nc3 Bb4 3. Nf3 Bxc3 4.
bxc3 d6 5. d4 e4 6. Ng5 Bf5 7.
g4 Bg6 8. Bg2 Nf6 9. h4 h5 10.
gxh5 Rxh5 11. Bf4 Qe7 12. e3 Nbd7 13. Rb1 b6 14. Qa4 Kf8 15. Qc6 Rc8 16. Bg3 Kg8 17. Nh3 Bf5 18. Nf4 Rh6 19. h5 Qe8 20. Qb7 Nf8 21.
Nd5 Nxd5 22. Qxd5 Bh7 23. Bf4 Rf6 24. h6 g6 25. Qxe4 Re6 26. Qd5 g5 27. Qxg5+ Rg6 28. Qh4 Rxg2 29. Rc1 Rg6 30. Qh2 Qe4 31. Rg1 Re8 32.
Rxg6+ Nxg6 33. Bg3 Ne7 34. Qh5 Qf5 35. Qxf5 Nxf5 36. Bf4 f6 37. c5 bxc5 38. dxc5 dxc5 39. Rd1 Kf7 40. Rd5 c6 41. Rxc5 Ne7 42. Ra5 Nd5 43.
Rxa7+ Re7 44. Rxe7+ Kxe7 45. c4 Nxf4 46. exf4 Kd6 47. Kd2 Kc5 48. Kc3 Kb6 49. Kd4 Bg8 50. a4 c5+ 51. Ke4 Ka5 52. Kf5 Kb4 53. Kxf6 Kxc4 54. Kg7 Kd3 55. Kxg8 c4 56. h7 c3 57. h8=Q c2 58. Qh1 c1=Q 59. Qxc1 1-0

[Event "*** SCC Grand Prix: Titled Tuesday Blitz"]
[Site "Chess.com"]
[Date "2020.08.11"]
[Round "8"]
[White "smshk35"]
[Black "ahachess"]
[Result "1-0"]
[WhiteElo "2499"]
[BlackElo "2301"]
[TimeControl "180+1"]
[EndTime "11:35:14 PDT"]
[Termination "smshk35 won by checkmate"]

1. e4 c6 2. d4 d5 3. e5 c5 4.
dxc5 e6 5. a3 Bxc5 6. Bd3 Nd7 7.
Nf3 Ne7 8. b4 Bb6 9. Bb2 a5 10.
b5 Nc5 11. O-O Na4 12. Bd4 Bxd4 13. Nxd4 Qb6 14. Qg4 Nc5 15. Qxg7 Rg8 16. Qxh7 Nxd3 17. Qxd3 Bd7 18. Nd2 Rc8 19. c4 Rg4 20. f4 Nf5 21.
Nf3 Rxf4 22. c5 Qxc5 23. Rac1 Qb6 24. Rxc8+ Bxc8 25. Rd1 Bd7 26. Kh1 Nxd4 27. Nxd4 Re4 28. a4 Rxe5 29. Qg3 Re4 30. Nf3 Qe3 31. h3 Qf4 32. Qg8+ Ke7 33. Ng5 Re2 34. Nh7 Kd6 35. Qf8+ Ke5 36. Qb8+ Kf5 37. g4+ Ke4 38. Rd4+ Kxd4 39.
Qxf4+ Kd3 40. Qxf7 Re1+ 41. Kh2 Re2+ 42. Kg3 Re3+ 43.
Kh4 Bc8 44. Qe8 e5 45. Qxc8 d4 46. Nf6 Re1 47. Qxb7 e4 48. Nxe4 Rxe4 49. b6 Ke3 50.
Qd5 d3 51. b7 d2 52. b8=Q Rd4 53.
Qbb3+ Ke2 54. Qxd4 d1=Q 55. Qbxd1# 1-0

[Event "*** SCC Grand Prix: Titled Tuesday Blitz"]
[Site "Chess.com"]
[Date "2020.08.11"]
[Round "8"]
[White "Unknown_IM"]
[Black "Roza_Idrisova"]
[Result "1-0"]
[WhiteElo "2375"]
[BlackElo "2201"]
[TimeControl "180+1"]
[EndTime "11:35:15 PDT"]
[Termination "Unknown_IM won on time"]

1. Nf3 d5 2. c4 c6 3. e3 Nf6 4. Nc3 a6 5. cxd5 cxd5 6. d4 Nc6 7.
Bd3 Bg4 8. O-O e6 9. h3 Bh5 10. Be2 Be7 11. Qb3 Rb8 12. Bd2 O-O 13. Rac1 Na5 14.
Qd1 b5 15. b3 Rc8 16. Ne5 Bxe2 17. Qxe2 Nc6 18. Nd3 Qb6 19. Qf3 h6 20. Ne2 Ne4 21. Be1 Ba3 22. Rd1 Rc7 23. Ng3 f5 24. Nf4 Ne7 25.
Nd3 Ng6 26. Nh5 Rfc8 27. Nhf4 Nxf4 28. Nxf4 Qd6 29. Qh5 Qe7 30. Qg6 Rc6 31. f3 Nf6 32. Bh4 Qf7 33. Qxf7+ Kxf7 34. Nd3 Bd6 35. Rc1 g5 36. Bf2 Rc2 37. Rxc2 Rxc2 38. Rc1 Rxc1+ 39. Nxc1 e5 40. Nd3 e4 41. Ne1 Ke6 42. Nc2 Bc7 43. Kf1 Ba5 44. Ke2 Bc3 45. Be1 Bxe1 46. Kxe1 exf3 47.
gxf3 Nd7 48. Nb4 Nb8 49. Ke2 a5 50. Nd3 Nd7 51. Nf2 Nb6 52. Nd3 Nd7 53. Kf2 Kf6 54. f4 Ke6 55. Kf3 1-0

[Event "*** SCC Grand Prix: Titled Tuesday Blitz"]
[Site "Chess.com"]
[Date "2020.08.11"]
[Round "8"]
[White "Angel_Hranitel_37"]
[Black "KarpovVadim"]
[Result "0-1"]
[WhiteElo "2434"]
[BlackElo "2303"]
[TimeControl "180+1"]
[EndTime "11:35:17 PDT"]
[Termination "KarpovVadim won on time"]

1. d4 Nf6 2. Nf3 e6 3. c4 d5 4.
g3 Be7 5. Bg2 O-O 6. O-O c6 7.
Qc2 b6 8. b3 Bb7 9. Rd1 Na6 10.
Nc3 Rc8 11. e4 Qc7 12. Bf4 Qd8 13. Rac1 Nc7 14. Qb1 Ba3 15. Rc2 Bb4 16. e5 Nd7 17.
Ng5 h6 18. Nh3 Qe7 19. Rcc1 Ba3 20. Rc2 Rfd8 21. g4 Bb4 22. g5 h5 23. g6 fxg6 24.
Bg5 Qf7 25. Bxd8 Rxd8 26. Qc1 Be7 27. Qf4 Nf8 28. Qxf7+ Kxf7 29. cxd5 Nxd5 30. Nxd5 exd5 31. Rd3 g5 32. f4 Ba6 33. Re3 g4 34. Nf2 Ne6 35.
Rxc6 Nxd4 36. Rc7 Ke6 37. Rxa7 Bb5 38. h3 Ne2+ 39. Kh2 Nxf4 40. Rg3 Bh4 41. hxg4 Bxg3+ 42. Kxg3 Ne2+ 43. Kh4 Nf4 44. Bf3 hxg4 45. Bxg4+ Kxe5 46. Rxg7 Ng2+ 47. Kg3 Ne3 48. Rg5+ Kd4 49. Rg6 Kc5 50.
b4+ Kxb4 51. Rxb6 Kc5 52. Rb7 Rg8 53. Kf4 Bc6 54. Rc7 Nxg4 55. Nxg4 Kd6 56. Rb7 Rf8+ 57. Kg5 Bxb7 58. Ne3 Re8 59. Nf5+ Ke5 60. Nh6 Rg8+ 61. Nxg8 d4 0-1

[Event "*** SCC Grand Prix: Titled Tuesday Blitz"]
[Site "Chess.com"]
[Date "2020.08.11"]
[Round "8"]
[White "mfwagnerpeixoto"]
[Black "chess4life23"]
[Result "0-1"]
[WhiteElo "2280"]
[BlackElo "2439"]
[TimeControl "180+1"]
[EndTime "11:35:17 PDT"]
[Termination "chess4life23 won by resignation"]

1. e4 c6 2. d4 d5 3. f3 g6 4. Nc3 dxe4 5. fxe4 Bg7 6. Be3 e5 7. dxe5 Qxd1+ 8. Rxd1 Nd7 9. e6 fxe6 10. Bc4 Ne5 11. Be2 Nf6 12. Bd4 Nfd7 13. Nf3 O-O 14. O-O b6 15. Ng5 c5 16. Bxe5 Rxf1+ 17. Bxf1 Bxe5 18. Nxe6 Nf6 19. Rd8+ Kf7 20. Bc4 Ke7 21. Rh8 Rb8 22. Ng5 Bxc3 23. bxc3 h5 24. Be6 Nd7 25. Bxd7 Kxd7 26.
e5 b5 27. Rh7+ Kc6 28. Rxa7 Rb6 29. Rg7 Bf5 30. e6 Kd6 31. e7 Rb8 32. Nh7 Re8 33. Nf8 Rxe7 34. Rg8 Bxc2 35. Nxg6 Re1+ 36. Kf2 Ra1 37.
Nf4 Rxa2 38. Kg3 b4 39. cxb4 cxb4 40. Nxh5 b3 41. Rb8 b2 42. Nf4 b1=Q 43. Rxb1 Bxb1 44.
h3 Bh7 45. h4 Ke5 46. Nh3 Ra3+ 47. Kf2 Kf5 48. Ng5 Bg6 49. Nf3 Kg4 50. Ne5+ Kh5 51.
Nf3 Be4 52. Ng5 Ba8 53. g3 Ra2+ 54. Ke3 Kg4 55. Nf7 Kxg3 56. h5 Rh2 57. h6 Bd5 58.
Ng5 Rxh6 59. Ne4+ Bxe4 60. Kxe4 Rh4+ 0-1

[Event "*** SCC Grand Prix: Titled Tuesday Blitz"]
[Site "Chess.com"]
[Date "2020.08.11"]
[Round "8"]
[White "beatnoguera"]
[Black "talaicito"]
[Result "0-1"]
[WhiteElo "1807"]
[BlackElo "2094"]
[TimeControl "180+1"]
[EndTime "11:35:19 PDT"]
[Termination "talaicito won by resignation"]

1. e4 e5 2. Nf3 Nc6 3. Bb5 a6 4. Ba4 Nf6 5. O-O b5 6. Bb3 Be7 7. Re1 d6 8. c3 O-O 9. h3 Nb8 10. a4 Bb7 11. Bc2 Nbd7 12. d4 Re8 13. Nbd2 Bf8 14.
d5 c6 15. dxc6 Bxc6 16. axb5 axb5 17. Rxa8 Qxa8 18. Bb1 Qb7 19. b4 Nb6 20. Qb3 Rc8 21. Ng5 h6 22. Ngf3 Nc4 23. Nxc4 bxc4 24. Qxc4 d5 25.
exd5 Bxd5 26. Qd3 e4 27. Qe3 exf3 28. gxf3 Bxf3 29. Qf4 Bh1 30. Qg3 Rxc3 31. Be3 Qf3 32. Qh2 Bxb4 33. Qxh1 Qxh1+ 34. Kxh1 Rb3 35. Ba2 Bxe1 36.
Bxb3 h5 37. Kg2 g6 38. Kf3 Kg7 39. Kf4 Nh7 40. Bd4+ f6 41. Ke4 Bd2 42. Kd3 Bc1 43.
Be6 Ng5 44. Bd7 Nf3 45. Bc3 Bg5 46. Ke2 Nh4 47. f3 Bf4 48. Kd3 Be5 49. Bxe5 fxe5 50. Ke4 Kf6 51. Bc8 Nf5 52. Bd7 Ng3+ 53. Ke3 Nf5+ 54. Bxf5 gxf5 55. h4 Ke6 56. Kd3 Kd5 57. Ke3 e4 58. f4 Kc4 59. Kd2 Kd4 60. Ke2 e3 61. Kd1 Ke4 62. Ke2 Kxf4 63. Kd3 Kf3 64.
Kd4 e2 0-1

[Event "*** SCC Grand Prix: Titled Tuesday Blitz"]
[Site "Chess.com"]
[Date "2020.08.11"]
[Round "8"]
[White "DonPreuss"]
[Black "lider34"]
[Result "1-0"]
[WhiteElo "2224"]
[BlackElo "2374"]
[TimeControl "180+1"]
[EndTime "11:35:20 PDT"]
[Termination "DonPreuss won by checkmate"]

1. d4 Nf6 2. Nc3 g6 3. e4 d6 4.
f4 Bg7 5. Nf3 c5 6. Bb5+ Bd7 7.
Bxd7+ Nfxd7 8. e5 cxd4 9. e6 dxc3 10. exf7+ Kf8 11. bxc3 h6 12. O-O Bf6 13. Nd4 Kxf7 14. f5 Ne5 15. fxg6+ Kxg6 16. Ne6 Qb6+ 17. Kh1 Na6 18.
Nf4+ Kh7 19. Qh5 Rag8 20. Nd5 Rg6 21. Nxb6 axb6 22. Bf4 Nc5 23. Bxe5 dxe5 24. Rad1 Rhg8 25. g3 Rg5 26. Qf3 e4 27. Qe3 h5 28. Rf4 Re5 29. Rff1 Bg5 30. Qe2 Bf6 31. c4 e3 32. Rd5 Rgg5 33.
Rxe5 Rxe5 34. Rf3 Bg5 35. Rf7+ Kg6 36. Rf8 Ne4 37. Qf3 Nf6 38. Qe2 Rf5 39. Rb8 Rf2 40. Qd3+ Kf7 41. Kg1 e2 42. Kxf2 Ng4+ 43. Kxe2 Ne5 44.
Qf5+ Bf6 45. Rxb7 h4 46. Rxb6 Nxc4 47. Rxf6+ exf6 48. Qd5+ Kg6 49. Qxc4 hxg3 50. hxg3 Kg5 51. Qf4+ Kg6 52. c4 Kg7 53. c5 Kg6 54. c6 Kg7 55. c7 Kg6 56. c8=Q Kg7 57. Qcf5 Kf8 58. Qxf6+ Ke8 59.
Qb8+ Kd7 60. Qbd6+ Kc8 61. Qfd8+ Kb7 62. Q6b6# 1-0